 Dungeon Crawl Stone Soup version 0.17.0-56-gd8de76c (webtiles) character file.

310 coffecat the Changer (level 6, -2/26 HPs)
             Began as a Felid Transmuter on Dec 4, 2015.
             Shot with an arrow by a centaur (6 damage)
             ... on level 5 of the Dungeon.
             The game lasted 00:19:57 (4773 turns).

coffecat the Changer (Felid Transmuter)             Turns: 4773, Time: 00:19:57

Health: -2/26      AC:  2    Str:  6    XL:     6   Next: 17%
Magic:  10/12      EV: 20    Int: 15    God:
Gold:   133        SH:  0    Dex: 20    Spells: 3 memorised, 5 levels left
                                        Lives:  0   Deaths: 1

rFire  . . .     SeeInvis +       - Unarmed
rCold  + . .     Clarity  +     (armour unavailable)
rNeg   . . .     SustAt   .     (shield unavailable)
rPois  .         Gourm    +     (helmet unavailable)
rElec  .         Spirit   .     (cloak unavailable)
rCorr  .         Warding  .     (gloves unavailable)
rMut   .         Stasis   .     (boots unavailable)
MR     +....                    k - amulet of the gourmand
Stlth  +++.......               (no ring)
                                (no ring)

@: quick, somewhat resistant to hostile enchantments, fairly stealthy
A: no armour, no weapons or thrown items, claws 1, fangs 3, see invisible, agile
1, carnivore 3, clarity, cold resistance 1, speed 1, magic resistance 1,
screaming 1, shaggy fur 2, slow metabolism 1, sharp paws
a: no special abilities


You were on level 5 of the Dungeon.
You were completely stuffed.

You visited 1 branch of the dungeon, and saw 5 of its levels.

You collected 133 gold pieces.

Inventory:

Jewellery
 k - an amulet of the gourmand (around neck)
Scrolls
 j - 2 scrolls of enchant armour
 l - a scroll of random uselessness
 n - 3 scrolls of remove curse {unknown}
 o - a scroll of teleportation {unknown}
Potions
 d - 2 potions of might {unknown}
 e - a potion of brilliance
 g - a potion of curing
 h - a potion of mutation
Books
 b - a book of Changes

   Spells                             Type                      Level
   a - Beastly Appendage              Transmutation                1
   b - Sticks to Snakes               Transmutation                2
   c - Spider Form                    Transmutation/Poison         3
   d - Ice Form                       Ice/Transmutation            4
   e - Blade Hands                    Transmutation                5
Comestibles
 a - a slice of pizza
 c - 3 meat rations
 f - a chunk of flesh
 i - 2 beef jerkies
 m - a royal jelly


   Skills:
 + Level 1.9 Fighting
 - Level 4.0 Dodging
 + Level 1.7 Stealth
 + Level 4.2 Unarmed Combat
 + Level 3.4 Spellcasting
 * Level 4.4 Transmutations
 + Level 0.8 Poison Magic


You had 5 spell levels left.
You knew the following spells:

 Your Spells              Type           Power        Failure   Level  Hunger
a - Beastly Appendage     Trmt           ###...       3%          1    None
b - Sticks to Snakes      Trmt           ###.......   6%          2    ##.....
c - Spider Form           Trmt/Pois      ##........   21%         3    ###....


Dungeon Overview and Level Annotations

Branches:
Dungeon (5/15)
 Temple: D:4-7

Altars:
Ashenzari


Innate Abilities, Weirdness & Mutations

You cannot wear armour.
You are incapable of wielding weapons or throwing items.
You have sharp claws.
You have razor-sharp teeth.
You have supernaturally acute eyesight.
You are carnivorous and can eat meat at any time.
You cover ground quickly.
You are covered in thick fur (AC +2).
You have a slow metabolism.
Your sharp claws are effective at attacking unaware monsters.
You are agile. (Dex +2)
You possess an exceptional clarity of mind.
Your flesh is cold resistant.
You are resistant to hostile enchantments.
You occasionally shout uncontrollably at your foes.


Message History

* * * LOW HITPOINT WARNING * * *
You see here an arrow.
Casting: Spider Form
Confirm with . or Enter, or press ? or * to list all spells.
You don't know that spell.
Casting: Spider Form
Confirm with . or Enter, or press ? or * to list all spells.
You don't have anything to turn into a snake.
You see here an arrow.
p - an arrow The centaur shoots an arrow.
The arrow closely misses you.
Casting: Sticks to Snakes
Confirm with . or Enter, or press ? or * to list all spells.
You create a snake!
The orc shouts!
The centaur shoots an arrow.
The arrow hits you.
* * * LOW HITPOINT WARNING * * *
The centaur shoots an arrow.
The arrow closely misses your adder. The arrow hits you.
You die...

####.............
####
#.............
....##.........##.
#..##..........
#..........###..
##.(#......## ..
##.....###..####.
#......###.......
##....#@S...o#...
##...#(((.c...#
#............#
..............#
...>..#.........#
..............#...
..............# !.
.....#......# .
########..###


You could see a centaur, an orc and a friendly adder.

Vanquished Creatures
  An ogre (D:4)
  3 orc priests
  A worker ant (D:5)
  2 orc wizards
  5 adders
  2 oozes (D:2)
  6 orcs (D:3)
  4 bats
  A giant cockroach (D:2)
  2 goblins (D:1)
  4 hobgoblins
  19 jackals
  A quokka (D:3)
  A ball python (D:2)
  5 giant newts
  4 kobolds
  A quokka skeleton (D:4)
  4 rats
66 creatures vanquished.

Vanquished Creatures (collateral kills)
  An orc priest (D:3)
  An orc wizard (D:3)
  2 orcs (D:3)
  A ball python (D:2)
  2 jackals (D:2)
7 creatures vanquished.

Grand Total: 73 creatures vanquished

Notes
Turn   | Place    | Note
--------------------------------------------------------------
     0 | D:1      | coffecat the Felid Transmuter began the quest for the Orb.
     0 | D:1      | Reached XP level 1. HP: 9/9 MP: 4/4
   499 | D:1      | Found a shattered altar of Ashenzari.
   587 | D:1      | Reached XP level 2. HP: 12/12 MP: 4/6
  1217 | D:2      | Learned a level 2 spell: Sticks to Snakes
  1557 | D:2      | Reached XP level 3. HP: 2/15 MP: 7/7
  1971 | D:2      | Learned a level 3 spell: Spider Form
  2647 | D:3      | Reached XP level 4. HP: 7/19 MP: 1/8
  2907 | D:3      | Reached skill level 1 in Stealth
  3226 | D:3      | Reached skill level 4 in Dodging
  3226 | D:3      | Reached XP level 5. HP: 5/22 MP: 4/10
  3406 | D:3      | Gained mutation: Your flesh is cold resistant. [potion of mutation]
  3406 | D:3      | Gained mutation: You possess an exceptional clarity of mind. [potion of mutation]
  3406 | D:3      | Gained mutation: You are agile. (Dex +2) [potion of mutation]
  3411 | D:3      | Slain by a jackal
  3412 | D:3      | Reached XP level 4. HP: 0/19 MP: 9/9
  4068 | D:4      | Noticed an ogre
  4087 | D:4      | Gained mutation: You occasionally shout uncontrollably at your foes. [potion of mutation]
  4087 | D:4      | Gained mutation: You are resistant to hostile enchantments. [potion of mutation]
  4094 | D:4      | Killed an ogre
  4094 | D:4      | Reached XP level 5. HP: 16/22 MP: 6/10
  4349 | D:4      | Gained mutation: You are covered in thick fur (AC +2). [Felid growth]
  4349 | D:4      | Reached XP level 6. HP: 26/26 MP: 8/12
  4445 | D:5      | Entered Level 5 of the Dungeon
  4773 | D:5      | Shot with an arrow by a centaur

Action                   |  1- 3 |  4- 6 || total
-------------------------+-------+-------++-------
Melee: Unarmed           |   116 |   102 ||   218
 Cast: Beastly Appendage |    23 |    11 ||    34
       Sticks to Snakes  |     6 |     7 ||    13
       Spider Form       |       |     7 ||     7
 Abil: End Transformatio |     1 |     2 ||     3
  Use: Scroll            |       |     5 ||     5
       Potion            |       |     4 ||     4
  Eat: Chunk             |    11 |    12 ||    23
